 Dungeon Crawl Stone Soup version 0.21.1-1-g345015f (webtiles) character file.

165 lotte the Magician (level 5, -3/28 HPs)
             Began as a Deep Elf Earth Elementalist on July 6, 2018.
             Slain by Kagorn's ghost (4 damage)
             ... on level 3 of the Dungeon.
             The game lasted 00:19:43 (3316 turns).

lotte the Magician (Deep Elf Earth Elementalist)    Turns: 3316, Time: 00:19:44

Health: -3/28      AC:  4    Str:  5    XL:     5   Next: 21%
Magic:  15/15      EV: 13    Int: 21    God:
Gold:   203        SH:  0    Dex: 15    Spells: 5/15 levels left

rFire    . . .     SeeInvis .   g - +0 short sword
rCold    . . .     Gourm    .   (no shield)
rNeg     . . .     Faith    .   c - +0 robe
rPois    .         Spirit   .   (no helmet)
rElec    .         Reflect  .   (no cloak)
rCorr    .         Harm     .   h - +1 pair of gloves
MR       .....                  (no boots)
Stlth    ++........             a - amulet of magic regeneration
HPRegen  0.09/turn              (no ring)
MPRegen  0.39/turn              (no ring)

@: no status effects
A: no striking features
a: no special abilities


You were on level 3 of the Dungeon.
You were near starving.

You visited 1 branch of the dungeon, and saw 3 of its levels.

You collected 203 gold pieces.

Inventory:

Hand Weapons
 g - a +0 short sword (weapon)
Missiles
 b - 70 stones (quivered)
Armour
 c - a +0 robe (worn)
 h - a +1 pair of gloves (worn)
Jewellery
 a - an amulet of magic regeneration (around neck)
Scrolls
 i - 2 scrolls of teleportation {unknown}
 j - 2 scrolls of noise {unknown}
 k - a scroll of immolation {unknown}
 n - 7 scrolls of identify {unknown}
Potions
 f - 2 potions of haste {unknown}
 l - 2 potions of curing {unknown}
 m - 2 potions of cancellation {unknown}
 o - a potion of berserk rage {unknown}
 p - a potion of mutation {unknown}
Books
 e - a book of Geomancy

   Spells                             Type                      Level
   a - Sandblast                      Earth                        1
   b - Passwall                       Transmutation/Earth          2
   c - Stone Arrow                    Conjuration/Earth            3
   d - Petrify                        Transmutation/Earth          4
   e - Lee's Rapid Deconstruction     Earth                        5
Comestibles
 d - 5 rations


   Skills:
 - Level 2.4 Dodging
 - Level 2.4 Stealth
 + Level 5.6 Spellcasting
 - Level 1.1 Transmutations
 + Level 5.1 Earth Magic


You had 5 spell levels left.
You knew the following spells:

 Your Spells              Type           Power        Failure   Level  Hunger
a - Sandblast             Erth           ####..       1%          1    None
b - Passwall              Tmut/Erth      ###.......   4%          2    None
c - Stone Arrow           Conj/Erth      ###...       11%         3    ##.....
d - Petrify               Tmut/Erth      ###.....     28%         4    ####...


Dungeon Overview and Level Annotations

Branches:
Dungeon (3/15)

Altars:
Makhleb
Okawaru
Ru
Xom
The Shining One

Annotations:
D:3 Kagorn's ghost, amateur TrBe


Message History

Casting: Passwall
Confirm with . or Enter, or press ? or * to list all spells.
You don't know that spell.
You see here a short sword.
Kagorn's ghost hits you! Kagorn's ghost burns you.
Unknown command.
You hit Kagorn's ghost but do no damage.
Kagorn's ghost closely misses you.
Are you sure you want to abandon this character and quit the game? (Confirm with "yes".)
Okay, then.
Level annotation: Kagorn's ghost, amateur TrBe Welcome back, lotte the Deep Elf Earth Elementalist.
Press ? for a list of commands and other information.
Kagorn's ghost hits you. Kagorn's ghost burns you.
There is a stone staircase leading up here.
Kagorn's ghost hits you!
Ouch! That really hurt!
* * * LOW HITPOINT WARNING * * *
Kagorn's ghost burns you.
You die...

..[.........# #..## #.#
##.... #..#...####.#
#...# #.####.....
#.....<# #.# #...#
#.......... ##.###.#
#)#####...# #.####.####
##.# #.# #.........# #.#
#.# #<# #.# ##...####..#
#.# #.#
##.###.###..........# #.#
#.####
...##...###...##.######.#
#....#
####.....##....W@.......#
####.#
#.......##.###.######.#
#.# #..........# #.# #.#
#.# ###.......##.# #.#
#.# #.# #[..)....###.#
#.# #.#######.#
#)###...## #.# #.#
#.......... #...##### #.#
#.# ########### .)......#
#.# #.#
......#.####.###.#


You could see Kagorn's ghost.

Vanquished Creatures
  An orc priest (D:3)
  An orc wizard (D:3)
  2 gnolls (D:3)
  2 adders
  2 worms
  A leopard gecko (D:3)
  5 orcs (D:3)
  4 giant cockroaches
  4 goblins
  6 hobgoblins
  4 jackals (D:2)
  8 kobolds
  A quokka (D:2)
  2 ball pythons (D:2)
  9 bats
  2 frilled lizards (D:2)
  2 rats (D:2)
56 creatures vanquished.

Notes
Turn   | Place    | Note
-------+----------+-------------------------------------------
     0 | D:1      | lotte the Deep Elf Earth Elementalist began the quest for the Orb.
     0 | D:1      | Reached XP level 1. HP: 10/10 MP: 6/6
   505 | D:1      | Reached XP level 2. HP: 15/15 MP: 6/8
   857 | D:2      | Learned a level 2 spell: Passwall
  1255 | D:2      | Reached XP level 3. HP: 19/19 MP: 8/10
  1557 | D:2      | Found a sacrificial altar of Ru.
  1810 | D:3      | Reached XP level 4. HP: 24/24 MP: 8/12
  1813 | D:3      | Reached skill level 5 in Spellcasting
  1821 | D:3      | Noticed Kagorn's ghost (amateur TrBe)
  1877 | D:3      | Learned a level 3 spell: Stone Arrow
  1882 | D:3      | Learned a level 4 spell: Petrify
  2011 | D:3      | Reached skill level 5 in Earth Magic
  2041 | D:3      | Reached XP level 5. HP: 28/28 MP: 10/14
  2815 | D:3      | Found a burning altar of Makhleb.
  2817 | D:3      | Found a white marble altar of Elyvilon.
  2817 | D:3      | Found an iron altar of Okawaru.
  2820 | D:3      | Found a burning altar of Makhleb.
  2820 | D:3      | Found a glowing golden altar of the Shining One.
  2820 | D:3      | Found a shimmering altar of Xom.
  3316 | D:3      | HP: 1/28 [Kagorn's ghost (14)]
  3316 | D:3      | Slain by Kagorn's ghost

Skill      XL: |  1  2  3  4 |
---------------+-------------+-----
Spellcasting   | 4 5 |  5.6
Earth Magic    | 4 5 |  5.1
Dodging        | |  2.4
Stealth        | |  2.4
Transmutations | |  1.1

Action                   |  1- 3 |  4- 6 || total
-------------------------+-------+-------++-------
Melee: Short sword       |    23 |     1 ||    24
 Cast: Sandblast         |    48 |    18 ||    66
       Stone Arrow       |       |    13 ||    13
       Passwall          |       |     2 ||     2
       Petrify           |       |     2 ||     2
 Stab: Sleeping          |     1 |       ||     1
  Eat: Chunk             |     2 |     1 ||     3
       Ration            |       |     1 ||     1
Armor: Robe              |     6 |     1 ||     7
Dodge: Dodged            |    27 |    10 ||    37
Block: Buckler           |     7 |     2 ||     9
